[ PARTIDA AOE2 · #480955832 ]
Team RMChinos vs Wei
[ ANÁLISIS DE REPETICIÓN · EXTRAÍDO DE LA PARTIDA GRABADA ]
Feudal
14:53
Castillos
25:27
Imperial
—
| APM promedio | 17.1 |
| APM pico | 38 |
| eAPM promedio | 7.4 |
| Aldeanos / militares | 42 / 14 |
Foco
⚔️ 18.7% · 🌾 81.3%
Archer ×9 · Fishing Ship ×8 · Galley ×4 · Fire Galley ×1
Feudal
14:59
Castillos
24:12
Imperial
—
| APM promedio | 13.9 |
| APM pico | 36 |
| eAPM promedio | 9.5 |
| Aldeanos / militares | 49 / 15 |
Foco
⚔️ 12.5% · 🌾 87.5%
Fishing Ship ×7 · Militia ×4 · Spearman ×4 · Demolition Raft ×1 · Scout Cavalry ×1 · Archer ×1
Feudal
15:01
Castillos
22:41
Imperial
—
| APM promedio | 10.9 |
| APM pico | 33 |
| eAPM promedio | 8.4 |
| Aldeanos / militares | 64 / 1 |
Foco
⚔️ 8.1% · 🌾 91.9%
Fishing Ship ×26 · Monk ×1
Feudal
20:29
Castillos
26:37
Imperial
—
| APM promedio | 19.4 |
| APM pico | 39 |
| eAPM promedio | 13.4 |
| Aldeanos / militares | 36 / 9 |
Foco
⚔️ 10.0% · 🌾 90.0%
Spearman ×8 · Fishing Ship ×7 · Militia ×1
Mapa de la partida
Recursos iniciales + cada clic de construcción. Líneas = muros · curvas = relieve. ◆ oro · ⬟ piedra · ● bayas · ✦ reliquia · ◌ hueco del cierre
Tu base· Abierta — hueco de 12t
Base de KingJerold22· Abierta — hueco de 6t
Base de godi5937· Abierta — flanco sin cerrar
Base de Giampy12· Abierta — hueco de 5t
Terreno inicial suavizado · ◌ = hueco del cierre detectado · pasá el cursor para detalles
Inputs por minuto
— skevke - - KingJerold22
Build order — skevke
106 acciones detectadas en el replay
| 1:45 | Construir | Town Center |
| 2:11 | Construir | Dock |
| 4:01 | Investigar | Loom |
| 4:43 | Crear | Villager (Male) |
| 5:14 | Crear | Villager (Male) |
| 6:01 | Crear | Fishing Ship |
| 6:10 | Crear | Villager (Male) |
| 6:55 | Crear | Villager (Male) |
| 7:11 | Crear | Fishing Ship |
| 7:30 | Crear | Villager (Male) |
| 7:49 | Crear | Fishing Ship |
| 8:04 | Construir | House |
| 8:08 | Construir | House |
| 8:16 | Crear | Villager (Male) |
| 8:16 | Crear | Villager (Male) |
| 9:09 | Crear | Villager (Male) |
| 9:10 | Crear | Villager (Male) |
| 9:29 | Crear | Fishing Ship |
| 9:30 | Crear | Fishing Ship |
| 9:52 | Crear | Villager (Male) |
| 9:52 | Crear | Villager (Male) |
| 9:53 | Crear | Villager (Male) |
| 11:23 | Construir | Mill |
| 11:37 | Crear | Villager (Male) |
| 11:38 | Crear | Villager (Male) |
| 11:38 | Crear | Villager (Male) |
| 12:11 | Construir | House |
| 12:15 | Construir | House |
| 12:22 | Construir | Palisade Wall |
| 12:31 | Crear | Villager (Male) |
| 12:43 | Investigar | Feudal Age |
| 12:57 | Construir | Lumber Camp |
| 13:10 | Crear | Fishing Ship |
| 13:10 | Crear | Fishing Ship |
| 13:11 | Crear | Fishing Ship |
| 14:10 | Construir | Barracks |
| 14:53 | Crear | Villager (Male) |
| 14:53 | Edad | Edad Feudal |
| 14:53 | Crear | Villager (Male) |
| 14:53 | Crear | Villager (Male) |
| 14:54 | Crear | Villager (Male) |
| 14:55 | Crear | Villager (Male) |
| 15:31 | Investigar | Double-Bit Axe |
| 15:38 | Construir | Archery Range |
| 15:57 | Construir | Archery Range |
| 16:13 | Construir | Palisade Wall |
| 16:18 | Construir | Palisade Gate |
| 16:28 | Crear | Villager (Male) |
| 16:42 | Construir | House |
| 16:59 | Crear | Archer |
| 17:00 | Crear | Archer |
| 17:00 | Crear | Archer |
| 17:26 | Crear | Fire Galley |
| 17:34 | Investigar | Tech 906 |
| 17:48 | Crear | Villager (Male) |
| 17:48 | Crear | Villager (Male) |
| 17:48 | Crear | Villager (Male) |
| 17:49 | Crear | Villager (Male) |
| 17:49 | Crear | Villager (Male) |
| 17:54 | Investigar | Wheelbarrow |
| 18:00 | Crear | Archer |
| 18:00 | Crear | Archer |
| 18:02 | Crear | Archer |
| 18:21 | Construir | House |
| 18:34 | Crear | Villager (Male) |
| 18:34 | Crear | Villager (Male) |
| 19:16 | Construir | Farm |
| 19:17 | Construir | Farm |
| 19:35 | Crear | Archer |
| 19:36 | Crear | Archer |
| 19:38 | Crear | Archer |
| 19:52 | Construir | Blacksmith |
| 19:57 | Crear | Villager (Male) |
| 19:57 | Crear | Villager (Male) |
| 20:20 | Construir | House |
| 20:22 | Construir | House |
| 20:22 | Construir | House |
| 20:23 | Construir | House |
| 21:18 | Investigar | Fletching |
| 22:44 | Crear | Villager (Male) |
| 22:46 | Investigar | Castle Age |
| 23:21 | Crear | Galley |
| 23:21 | Crear | Galley |
| 23:22 | Crear | Galley |
| 23:23 | Crear | Galley |
| 23:30 | Crear | Villager (Male) |
| 23:31 | Crear | Villager (Male) |
| 23:32 | Crear | Villager (Male) |
| 23:38 | Construir | Farm |
| 23:40 | Construir | Farm |
| 23:41 | Construir | Farm |
| 24:36 | Crear | Villager (Male) |
| 24:36 | Crear | Villager (Male) |
| 25:27 | Edad | Edad de los Castillos |
| 25:57 | Investigar | Crossbowman (upgrade) |
| 26:02 | Crear | Villager (Male) |
| 26:10 | Construir | Town Center |
| 26:24 | Crear | Villager (Male) |
| 26:57 | Crear | Villager (Male) |
| 26:57 | Crear | Villager (Male) |
| 27:11 | Construir | House |
| 27:14 | Construir | House |
| 27:14 | Construir | House |
| 27:15 | Construir | House |
| 27:29 | Crear | Villager (Male) |
| 27:31 | Investigar | Hand Cart |
Build order — KingJerold22
141 acciones detectadas en el replay
| 0:21 | Construir | Town Center |
| 2:35 | Crear | Villager (Male) |
| 2:36 | Crear | Villager (Male) |
| 2:36 | Crear | Villager (Male) |
| 2:36 | Crear | Villager (Male) |
| 2:37 | Crear | Villager (Male) |
| 2:46 | Construir | House |
| 2:48 | Construir | House |
| 2:50 | Construir | House |
| 3:53 | Crear | Villager (Male) |
| 4:36 | Crear | Villager (Male) |
| 5:23 | Crear | Villager (Male) |
| 5:44 | Crear | Villager (Male) |
| 6:10 | Crear | Villager (Male) |
| 6:16 | Crear | Villager (Male) |
| 6:48 | Crear | Villager (Male) |
| 7:11 | Crear | Villager (Male) |
| 7:27 | Construir | Dock |
| 7:36 | Crear | Villager (Male) |
| 8:24 | Crear | Fishing Ship |
| 8:27 | Crear | Villager (Male) |
| 8:47 | Construir | House |
| 8:48 | Construir | House |
| 8:50 | Construir | House |
| 9:06 | Crear | Villager (Male) |
| 9:11 | Crear | Villager (Male) |
| 9:29 | Crear | Fishing Ship |
| 9:36 | Crear | Villager (Male) |
| 10:03 | Construir | Lumber Camp |
| 10:12 | Crear | Villager (Male) |
| 10:28 | Crear | Villager (Male) |
| 10:57 | Construir | Mill |
| 11:09 | Crear | Villager (Male) |
| 11:53 | Crear | Fishing Ship |
| 12:49 | Investigar | Feudal Age |
| 13:03 | Construir | Barracks |
| 13:18 | Construir | Mining Camp |
| 14:09 | Construir | Lumber Camp |
| 14:38 | Crear | Fishing Ship |
| 14:44 | Construir | Farm |
| 14:46 | Construir | Farm |
| 14:47 | Construir | Farm |
| 14:50 | Construir | Farm |
| 14:59 | Edad | Edad Feudal |
| 15:00 | Investigar | Double-Bit Axe |
| 15:04 | Investigar | Horse Collar |
| 15:12 | Crear | Villager (Male) |
| 15:13 | Crear | Villager (Male) |
| 15:14 | Crear | Villager (Male) |
| 15:29 | Crear | Militia |
| 15:29 | Crear | Spearman |
| 15:37 | Crear | Villager (Male) |
| 16:02 | Construir | House |
| 16:03 | Construir | House |
| 16:04 | Construir | House |
| 16:05 | Construir | House |
| 16:14 | Crear | Villager (Male) |
| 16:15 | Crear | Villager (Male) |
| 16:29 | Construir | Stable |
| 16:38 | Crear | Demolition Raft |
| 16:48 | Investigar | Gold Mining |
| 16:54 | Investigar | Stone Mining |
| 17:18 | Crear | Villager (Male) |
| 17:30 | Construir | House |
| 17:31 | Construir | House |
| 17:32 | Construir | House |
| 17:33 | Construir | House |
| 17:40 | Crear | Villager (Male) |
| 17:59 | Construir | Market |
| 18:08 | Construir | Lumber Camp |
| 18:19 | Construir | Farm |
| 18:26 | Crear | Villager (Male) |
| 18:46 | Construir | Blacksmith |
| 18:53 | Crear | Villager (Male) |
| 19:27 | Crear | Villager (Male) |
| 19:27 | Crear | Villager (Male) |
| 19:28 | Crear | Villager (Male) |
| 19:31 | Construir | Farm |
| 19:35 | Construir | Farm |
| 19:38 | Construir | Farm |
| 19:42 | Construir | Farm |
| 19:48 | Construir | Farm |
| 19:50 | Crear | Villager (Male) |
| 19:54 | Construir | Farm |
| 19:58 | Construir | House |
| 19:59 | Construir | House |
| 20:09 | Crear | Scout Cavalry |
| 20:19 | Crear | Militia |
| 20:19 | Crear | Spearman |
| 20:24 | Construir | Watch Tower |
| 20:37 | Construir | House |
| 20:38 | Construir | House |
| 20:40 | Construir | House |
| 20:41 | Construir | House |
| 20:42 | Construir | House |
| 20:51 | Crear | Villager (Male) |
| 21:19 | Investigar | Castle Age |
| 21:31 | Construir | Archery Range |
| 22:26 | Crear | Militia |
| 22:26 | Crear | Spearman |
| 22:33 | Investigar | Man-at-Arms (upgrade) |
| 22:34 | Investigar | Arson |
| 22:48 | Crear | Archer |
| 22:48 | Crear | Skirmisher |
| 23:01 | Crear | Fire Galley |
| 23:01 | Crear | Unit 2626 |
| 23:02 | Crear | Galley |
| 23:09 | Construir | Watch Tower |
| 23:31 | Crear | Villager (Male) |
| 23:31 | Crear | Villager (Male) |
| 23:38 | Construir | House |
| 23:39 | Construir | House |
| 23:45 | Construir | Barracks |
| 24:05 | Crear | Fishing Ship |
| 24:05 | Crear | Fishing Ship |
| 24:05 | Crear | Fishing Ship |
| 24:12 | Edad | Edad de los Castillos |
| 24:26 | Construir | Castle |
| 24:30 | Crear | Villager (Male) |
| 24:30 | Crear | Villager (Male) |
| 24:32 | Investigar | Bow Saw |
| 24:49 | Investigar | Heavy Plow |
| 25:01 | Construir | Siege Workshop |
| 25:22 | Construir | Farm |
| 25:48 | Crear | Villager (Male) |
| 26:09 | Construir | Town Center |
| 26:17 | Crear | Militia |
| 26:18 | Crear | Spearman |
| 26:29 | Construir | Farm |
| 26:45 | Crear | Villager (Male) |
| 26:46 | Crear | Villager (Male) |
| 26:58 | Crear | Villager (Male) |
| 26:58 | Crear | Villager (Male) |
| 27:04 | Construir | Lumber Camp |
| 27:14 | Investigar | Gold Shaft Mining |
| 27:14 | Investigar | Stone Shaft Mining |
| 27:18 | Crear | Villager (Male) |
| 27:18 | Crear | Villager (Male) |
| 27:24 | Crear | Battering Ram |
| 27:32 | Crear | Villager (Male) |
| 27:32 | Crear | Villager (Male) |
Build order — godi5937
149 acciones detectadas en el replay
| 0:43 | Construir | Town Center |
| 0:53 | Construir | Dock |
| 1:09 | Construir | House |
| 2:50 | Crear | Villager (Male) |
| 2:50 | Crear | Villager (Male) |
| 2:51 | Crear | Villager (Male) |
| 2:51 | Crear | Villager (Male) |
| 2:51 | Crear | Villager (Male) |
| 2:51 | Crear | Villager (Male) |
| 3:45 | Construir | House |
| 3:51 | Crear | Villager (Male) |
| 3:52 | Crear | Villager (Male) |
| 4:49 | Crear | Villager (Male) |
| 5:35 | Crear | Fishing Ship |
| 5:44 | Crear | Villager (Male) |
| 5:44 | Crear | Villager (Male) |
| 6:15 | Construir | House |
| 6:25 | Crear | Villager (Male) |
| 6:25 | Crear | Villager (Male) |
| 6:47 | Crear | Fishing Ship |
| 6:52 | Construir | House |
| 7:26 | Crear | Fishing Ship |
| 7:35 | Construir | House |
| 7:39 | Crear | Villager (Male) |
| 8:04 | Crear | Fishing Ship |
| 8:09 | Construir | House |
| 8:16 | Investigar | Loom |
| 8:17 | Crear | Villager (Male) |
| 8:17 | Crear | Villager (Male) |
| 8:17 | Crear | Villager (Male) |
| 8:35 | Crear | Fishing Ship |
| 8:43 | Construir | House |
| 8:49 | Crear | Villager (Male) |
| 8:49 | Crear | Villager (Male) |
| 9:10 | Crear | Fishing Ship |
| 9:17 | Crear | Villager (Male) |
| 9:26 | Construir | House |
| 9:45 | Crear | Fishing Ship |
| 10:03 | Construir | House |
| 10:14 | Construir | Mining Camp |
| 10:17 | Crear | Villager (Male) |
| 10:30 | Crear | Villager (Male) |
| 10:39 | Construir | House |
| 10:54 | Crear | Villager (Male) |
| 10:58 | Crear | Fishing Ship |
| 11:07 | Crear | Villager (Male) |
| 11:07 | Crear | Villager (Male) |
| 11:07 | Crear | Villager (Male) |
| 11:07 | Crear | Villager (Male) |
| 11:12 | Construir | House |
| 11:15 | Crear | Fishing Ship |
| 11:18 | Crear | Fishing Ship |
| 11:31 | Crear | Villager (Male) |
| 11:47 | Construir | Lumber Camp |
| 11:50 | Crear | Villager (Male) |
| 11:55 | Construir | House |
| 12:25 | Crear | Villager (Male) |
| 12:32 | Construir | House |
| 12:36 | Crear | Fishing Ship |
| 12:36 | Crear | Fishing Ship |
| 12:48 | Investigar | Feudal Age |
| 13:04 | Construir | House |
| 13:07 | Crear | Fishing Ship |
| 13:43 | Construir | House |
| 13:51 | Crear | Villager (Male) |
| 13:51 | Crear | Villager (Male) |
| 13:51 | Crear | Villager (Male) |
| 13:52 | Crear | Villager (Male) |
| 13:52 | Crear | Villager (Male) |
| 13:52 | Crear | Villager (Male) |
| 13:54 | Crear | Villager (Male) |
| 13:58 | Crear | Fishing Ship |
| 14:13 | Construir | Barracks |
| 14:21 | Construir | Mining Camp |
| 14:42 | Crear | Fishing Ship |
| 15:01 | Edad | Edad Feudal |
| 15:24 | Crear | Fishing Ship |
| 15:30 | Construir | Blacksmith |
| 15:40 | Construir | Mill |
| 15:47 | Crear | Villager (Male) |
| 15:58 | Crear | Fishing Ship |
| 16:04 | Investigar | Gold Mining |
| 16:08 | Investigar | Stone Mining |
| 16:13 | Crear | Villager (Male) |
| 16:24 | Construir | House |
| 16:36 | Construir | Stable |
| 17:27 | Crear | Fishing Ship |
| 17:27 | Crear | Fishing Ship |
| 17:53 | Construir | House |
| 18:16 | Crear | Fishing Ship |
| 18:21 | Crear | Villager (Male) |
| 18:24 | Crear | Villager (Male) |
| 18:32 | Investigar | Double-Bit Axe |
| 18:40 | Crear | Fishing Ship |
| 18:50 | Construir | House |
| 19:09 | Crear | Fishing Ship |
| 19:33 | Crear | Villager (Male) |
| 19:37 | Construir | House |
| 19:47 | Crear | Fishing Ship |
| 19:55 | Investigar | Castle Age |
| 20:20 | Crear | Villager (Male) |
| 20:21 | Crear | Villager (Male) |
| 20:29 | Construir | House |
| 20:36 | Crear | Fishing Ship |
| 20:59 | Construir | Stable |
| 21:04 | Construir | House |
| 21:07 | Crear | Villager (Male) |
| 21:08 | Crear | Villager (Male) |
| 21:08 | Crear | Villager (Male) |
| 21:08 | Crear | Villager (Male) |
| 21:15 | Crear | Fishing Ship |
| 21:41 | Construir | Farm |
| 22:02 | Crear | Fishing Ship |
| 22:07 | Construir | House |
| 22:41 | Edad | Edad de los Castillos |
| 22:48 | Construir | Dock |
| 22:53 | Construir | House |
| 22:59 | Crear | Villager (Male) |
| 23:27 | Construir | House |
| 23:32 | Crear | Villager (Male) |
| 23:32 | Crear | Villager (Male) |
| 23:40 | Investigar | Stone Shaft Mining |
| 23:58 | Construir | Town Center |
| 24:07 | Crear | Villager (Male) |
| 24:41 | Construir | House |
| 24:45 | Crear | Villager (Male) |
| 24:54 | Investigar | Bow Saw |
| 24:58 | Investigar | Horse Collar |
| 25:02 | Investigar | Bloodlines |
| 25:03 | Investigar | Husbandry |
| 25:06 | Crear | Villager (Male) |
| 25:16 | Construir | Monastery |
| 25:20 | Construir | House |
| 25:27 | Crear | Villager (Male) |
| 25:39 | Crear | Villager (Male) |
| 25:39 | Crear | Villager (Male) |
| 25:39 | Crear | Villager (Male) |
| 25:40 | Crear | Villager (Male) |
| 25:40 | Crear | Villager (Male) |
| 25:40 | Crear | Villager (Male) |
| 25:40 | Crear | Villager (Male) |
| 26:00 | Crear | Villager (Male) |
| 26:05 | Crear | Villager (Male) |
| 26:27 | Construir | House |
| 26:42 | Construir | Lumber Camp |
| 26:48 | Construir | House |
| 26:50 | Crear | Monk |
| 27:27 | Construir | House |
| 27:35 | Construir | House |
Build order — Giampy12
84 acciones detectadas en el replay
| 1:04 | Construir | Town Center |
| 4:06 | Construir | House |
| 4:07 | Construir | House |
| 4:11 | Crear | Villager (Male) |
| 4:12 | Crear | Villager (Male) |
| 4:12 | Crear | Villager (Male) |
| 4:12 | Crear | Villager (Male) |
| 4:33 | Construir | Mill |
| 5:23 | Investigar | Loom |
| 6:19 | Crear | Villager (Male) |
| 6:20 | Crear | Villager (Male) |
| 6:20 | Crear | Villager (Male) |
| 7:08 | Construir | House |
| 7:16 | Crear | Villager (Male) |
| 7:17 | Crear | Villager (Male) |
| 7:33 | Construir | House |
| 8:34 | Crear | Villager (Male) |
| 8:35 | Crear | Villager (Male) |
| 8:35 | Crear | Villager (Male) |
| 9:17 | Crear | Villager (Male) |
| 9:18 | Crear | Villager (Male) |
| 9:38 | Construir | House |
| 9:45 | Crear | Villager (Male) |
| 9:46 | Crear | Villager (Male) |
| 9:46 | Crear | Villager (Male) |
| 9:56 | Construir | House |
| 10:24 | Crear | Villager (Male) |
| 11:05 | Crear | Villager (Male) |
| 11:06 | Crear | Villager (Male) |
| 11:26 | Construir | Dock |
| 11:59 | Crear | Villager (Male) |
| 11:59 | Crear | Villager (Male) |
| 12:23 | Crear | Villager (Male) |
| 12:23 | Crear | Villager (Male) |
| 12:23 | Crear | Villager (Male) |
| 12:24 | Crear | Villager (Male) |
| 12:24 | Crear | Villager (Male) |
| 12:42 | Crear | Fishing Ship |
| 13:20 | Construir | Dock |
| 14:04 | Crear | Fishing Ship |
| 14:04 | Crear | Fishing Ship |
| 14:04 | Crear | Fishing Ship |
| 14:24 | Crear | Villager (Male) |
| 14:48 | Construir | House |
| 14:50 | Construir | House |
| 15:07 | Crear | Fishing Ship |
| 16:06 | Construir | House |
| 16:08 | Construir | House |
| 16:27 | Construir | Farm |
| 16:46 | Construir | Barracks |
| 17:07 | Crear | Fishing Ship |
| 17:07 | Crear | Fishing Ship |
| 17:30 | Construir | Farm |
| 17:38 | Construir | Farm |
| 17:55 | Construir | Farm |
| 18:01 | Crear | Militia |
| 18:19 | Investigar | Feudal Age |
| 19:11 | Crear | Villager (Male) |
| 19:11 | Crear | Villager (Male) |
| 19:11 | Crear | Villager (Male) |
| 19:11 | Crear | Villager (Male) |
| 19:12 | Crear | Villager (Male) |
| 19:12 | Crear | Villager (Male) |
| 19:12 | Crear | Villager (Male) |
| 19:13 | Crear | Villager (Male) |
| 20:23 | Construir | Farm |
| 20:29 | Edad | Edad Feudal |
| 20:34 | Construir | House |
| 20:35 | Construir | House |
| 21:01 | Crear | Spearman |
| 21:01 | Crear | Spearman |
| 21:01 | Crear | Spearman |
| 21:01 | Crear | Spearman |
| 21:02 | Crear | Spearman |
| 21:02 | Crear | Spearman |
| 21:02 | Crear | Spearman |
| 21:02 | Crear | Spearman |
| 21:45 | Construir | Market |
| 23:25 | Construir | Blacksmith |
| 23:52 | Construir | Lumber Camp |
| 23:57 | Investigar | Castle Age |
| 25:56 | Construir | Lumber Camp |
| 26:37 | Edad | Edad de los Castillos |
| 27:13 | Construir | Siege Workshop |
Cronología de la partida
| 0:53 | godi5937 · first_building Dock |
| 2:11 | skevke · first_building Dock |
| 7:27 | KingJerold22 · first_building Dock |
| 11:26 | Giampy12 · first_building Dock |
| 12:22 | skevke · wall_segment Palisade Wall x1 |
| 13:03 | KingJerold22 · first_building Barracks |
| 14:10 | skevke · first_building Barracks |
| 14:13 | godi5937 · first_building Barracks |
| 14:53 | skevke · age_up feudal |
| 14:59 | KingJerold22 · age_up feudal |
| 15:01 | godi5937 · age_up feudal |
| 15:38 | skevke · first_building Archery Range |
| 16:13 | skevke · wall_segment Palisade Wall x5 |
| 16:29 | KingJerold22 · first_building Stable |
| 16:36 | godi5937 · first_building Stable |
| 16:46 | Giampy12 · first_building Barracks |
| 20:29 | Giampy12 · age_up feudal |
| 20:56 | KingJerold22 · first_market_buy 100 food |
| 21:07 | KingJerold22 · first_market_sell 100 stone |
| 21:31 | KingJerold22 · first_building Archery Range |
| 22:41 | godi5937 · age_up castle |
| 24:12 | KingJerold22 · age_up castle |
| 24:26 | KingJerold22 · first_building Castle |
| 25:01 | KingJerold22 · first_building Siege Workshop |
| 25:16 | godi5937 · first_building Monastery |
| 25:27 | skevke · age_up castle |
| 26:37 | Giampy12 · age_up castle |
| 27:13 | Giampy12 · first_building Siege Workshop |
| 27:31 | Giampy12 · resign |
[ ANÁLISIS IA · 1 CRÉDITO ]
¿Qué pasó realmente en esta partida?
Wolo.gg analiza cada decisión: build order, eco, micro, errores típicos por bracket. Análisis personalizado por WhatsApp o Discord en 30 segundos.
Guía civ
Chinos
Guía mapa
Nomad
Perfil
Jugador #1676223